 Dungeon Crawl Stone Soup version 0.22.1-1-ga44c0e5 (webtiles) character file.

2334 Irenicus the Geomancer (level 9, 0/68 HPs)
             Began as a Deep Dwarf Earth Elementalist on Oct 11, 2018.
             Slain by an orc warrior
             ... wielding a +0 dire flail
              (11 damage)
             ... on level 6 of the Dungeon.
             The game lasted 00:20:29 (2773 turns).

Irenicus the Geomancer (DDEE)                       Turns: 2773, Time: 00:20:30

Health: 0/68       AC:  6    Str: 13    XL:     9   Next: 19%
Magic:  6/13       EV: 12    Int: 17    God:
Gold:   139        SH:  0    Dex: 14    Spells: 9/15 levels left

rFire    + . .     SeeInvis .   y - +4 hand axe
rCold    . . .     Gourm    .   (no shield)
rNeg     . . .     Faith    .   a - +2 leather armour {rF+}
rPois    .         Spirit   .   (no helmet)
rElec    .         Reflect  .   v - +0 cloak
rCorr    .         Harm     .   (no gloves)
MR       +....                  (no boots)
Stlth    ++........             l - amulet of magic regeneration
HPRegen  0.00/turn              m - ring of flight {+Fly, !d}
MPRegen  0.38/turn              (no ring)

@: non-regenerating
A: damage resistance, heal wounds, sense surroundings 2, no regeneration
a: Heal Wounds, Evoke Flight


You were on level 6 of the Dungeon.
You were hungry.

You visited 1 branch of the dungeon, and saw 6 of its levels.

You collected 243 gold pieces.
You spent 104 gold pieces at shops.

Inventory:

Hand Weapons
 y - a +4 hand axe (weapon)
   (You took it off an orc on level 6 of the Dungeon)
Missiles
 b - 43 stones (quivered)
Armour
 a - a +2 leather armour of fire resistance (worn)
   (You found it on level 1 of the Dungeon)
 v - a +0 cloak (worn)
   (You found it on level 6 of the Dungeon)
Jewellery
 e - an uncursed ring of fire {rF+, rC-}
   (You found it on level 5 of the Dungeon)
 l - an amulet of magic regeneration (around neck)
   (You took it off a kobold on level 3 of the Dungeon)
 m - a ring of flight (left hand) {+Fly, !d}
   (You took it off a hobgoblin on level 3 of the Dungeon)
Scrolls
 f - 4 scrolls of enchant weapon {unknown}
 h - a scroll of fog {unknown}
 i - 8 scrolls of remove curse {unknown}
 k - 4 scrolls of teleportation {unknown}
 o - 2 scrolls of magic mapping {unknown}
 p - a scroll of blinking {unknown}
 q - a scroll of immolation {unknown}
 u - a scroll of amnesia {unknown}
 w - a scroll of enchant armour {unknown}
Potions
 c - a potion of heal wounds
 j - 5 potions of flight
 r - a potion of magic
 s - 3 potions of might
 t - a potion of agility
 x - a potion of curing
Comestibles
 d - 13 rations


   Skills:
 - Level 4.1 Axes
 - Level 2.1 Dodging
 - Level 2.4 Stealth
 * Level 3.5 Spellcasting
 - Level 6.2 Conjurations
 - Level 0.8 Transmutations
 - Level 11.6 Earth Magic


You had 9 spell levels left.
You knew the following spells:

 Your Spells              Type           Power        Failure   Level  Hunger
a - Sandblast             Erth           #####.       1%          1    None
b - Passwall              Tmut/Erth      ###.....     2%          2    ##.....
c - Stone Arrow           Conj/Erth      ####..       1%          3    ###....

Your spell library contained the following spells:

 Spells                   Type           Power        Failure   Level  Hunger
 Lee's Rapid Deconstruct  Erth           #####.....   4%          5    ######.
 Petrify                  Tmut/Erth      ###.....     16%         4    ####...


Dungeon Overview and Level Annotations

Branches:
Dungeon (6/15)
 Temple: D:4-7

Altars:
Dithmenos
Kikubaaqudgha
Sif Muna

Shops:
D:4 *

Annotations:
D:6 Dowan


Innate Abilities, Weirdness & Mutations

You are resistant to damage.
You can heal yourself by infusing magical energy.
You passively map the area around you.
You do not regenerate.


Message History

Things that are here:
an enchanted hand axe; a chain mail
y - an enchanted hand axe Wield which item (- for none, * to show all)? (? for menu, Esc to quit)
y - a +4 hand axe (weapon)
Drop what? 25/52 slots (_ for help) (? for menu, Esc to quit)
You drop a +0 club.
You drop a +0 hand axe.
Things that are here:
a leather armour; an orc corpse
c - a leather armour You drop a leather armour.
MP restored: 12
Things that are here:
a chunk of flesh {@w0}; an iguana skeleton; a bullfrog corpse A worker ant comes into view.
Okay, then.
Your magical contamination has completely faded away.
Aim: a worker ant The stone arrow hits the worker ant.
You kill the worker ant!
Your Spellcasting skill increases to level 3!
You now have 9/12 mp.
You see here a scroll labeled GELUEG FAMM.
i - 8 scrolls labeled GELUEG FAMM (gained 1) MP restored: 12 You see here 2 amethyst potions.
As you read the scroll of identify, it crumbles to dust. 2 potions of heal wounds
c - 2 potions of heal wounds You feel much better.
You regained 26 hp, and now have 42/68 hp.
You see here a ration.
d - 13 rations (gained 1)
You see here a potion of might.
s - 3 potions of might (gained 1)
Found a stone staircase leading up.
You see here 4 gold pieces.
You now have 139 gold pieces (gained 4).
Dowan, Brother of Duvessa comes into view.
He is wielding a dagger.
Dowan shouts!
Duvessa, Sister of Dowan comes into view.
She is wielding a rapier.
Dowan casts a spell at Duvessa.
Duvessa shouts!
Duvessa seems to speed up.
You hear a shout! x2
An orc comes into view. It is wielding a short sword.
An orc priest comes into view. It is wielding a mace of protection.
Dowan gestures wildly while chanting.
Dowan blinks!
An orc warrior comes into view. It is wielding a dire flail.
The orc moves out of view.
An orc priest comes into view.
The orc shouts!
The orc priest looks braver for a moment.
Duvessa hits you with a rapier!
You take 7 damage, and have 35/68 hp.
Aim: Duvessa, wielding a rapier and wearing a ring mail (fast)
The stone arrow misses Duvessa.
You are feeling hungry.
Duvessa barely misses you.
You now have 9/12 mp.
Aim: Duvessa, wielding a rapier and wearing a ring mail (fast)
The blast of sand hits Duvessa.
b - 46 stones Duvessa hits you with a rapier.
The orc priest looks braver for a moment.
Dowan mumbles some strange words.
Dowan blinks!
You now have 8/12 mp.
Aim: Duvessa, wielding a rapier and wearing a ring mail (moderately wounded, The blast of sand hits Duvessa.
b - 45 stones Duvessa hits you with a rapier!
The orc priest calls down the wrath of Beogh upon you.
You resist with some effort.
Dowan mumbles some strange words.
Dowan blinks!
Duvessa hits you but does no damage.
You take 6 damage, and have 29/68 hp.
Aim: Duvessa, wielding a rapier and wearing a ring mail (severely wounded, The blast of sand misses Duvessa.
The blast of sand hits Dowan.
b - 44 stones Duvessa closely misses you.
The orc priest calls down the wrath of Beogh upon you.
Beogh smites you!
* * * LOW HITPOINT WARNING * * *
Dowan casts a spell.
Dowan blinks!
You take 10 damage, and have 19/68 hp.
You now have 7/12 mp.
Aim: Duvessa, wielding a rapier and wearing a ring mail (severely wounded, The blast of sand hits Duvessa.
You kill Duvessa!
Dowan seems overcome with grief, but rights himself reflexively soon after.
Dowan seems to find hidden reserves of power!
b - 43 stones The orc priest mumbles some strange prayers to Beogh against you.
Beogh smites you!
* * * LOW HITPOINT WARNING * * *
The orc warrior hits you with a dire flail!
You die...

#################
#................
#.###############
###.# * #...# * ,
, #...# , ##..# ,
, , .. * * #..#
*,, ...
#####@.##### *,
=... **
,..###...oo.....#
....
........o§.....#
* ,,...
#.....e........#
*, ,...
#.....$.........#
,, #
#.....o.........#
* #
#...............#
##
#..............##
#.
#............###
##.


You could see an orc warrior, Dowan, 2 orc priests and an orc.

Vanquished Creatures
  The ghost of harcile the Slasher, a novice HOFi of Uskayaw (D:5)
  Grinder (D:3)
  Prince Ribbit (D:6)
  Sigmund (D:3)
  Duvessa (D:6)
  An ice beast (D:5)
  An orc warrior (D:6)
  A black bear (D:4)
  2 ogres
  A bullfrog (D:6)
  2 scorpions (D:5)
  A howler monkey (D:5)
  A bullfrog zombie (D:5)
  A bullfrog skeleton (D:5)
  3 hounds
  4 orc priests
  An iguana (D:6)
  3 worker ants
  An orc wizard (D:3)
  A hound zombie (D:5)
  4 gnolls (D:3)
  6 adders
  A hound simulacrum (D:5)
  A worker ant simulacrum (D:5)
  2 oozes
  An adder zombie (D:5)
  3 worms
  3 dart slugs
  6 leopard geckos
  9 orcs
  9 bats
  5 giant cockroaches
  5 goblins
  6 hobgoblins
  10 kobolds
  4 quokkas
  4 frilled lizards
  A giant cockroach simulacrum (D:5)
  A leopard gecko simulacrum (D:5)
  7 rats
117 creatures vanquished.

Notes
Turn   | Place    | Note
-------+----------+-------------------------------------------
     0 | D:1      | Irenicus the Deep Dwarf Earth Elementalist began the quest
                  | for the Orb.
     0 | D:1      | Reached XP level 1. HP: 15/15 MP: 3/3
    42 | D:1      | Reached skill level 2 in Spellcasting
    43 | D:1      | Reached XP level 2. HP: 19/22 MP: 0/5
   246 | D:1      | Reached skill level 5 in Earth Magic
   373 | D:2      | Reached XP level 3. HP: 22/28 MP: 3/6
   432 | D:2      | Found an ancient bone altar of Kikubaaqudgha.
   552 | D:2      | Reached skill level 1 in Axes
   568 | D:2      | Found a shadowy altar of Dithmenos.
   748 | D:2      | Reached XP level 4. HP: 24/36 MP: 3/7
   799 | D:3      | Noticed Grinder
   800 | D:3      | Noticed Sigmund
   887 | D:3      | Reached skill level 6 in Earth Magic
   936 | D:3      | HP: 9/36 [orc priest/divine providence (14)]
   938 | D:3      | HP: 2/36 [orc wizard/magic dart (7)]
   960 | D:3      | HP: 5/36 [something/magic dart (7)]
   974 | D:3      | Reached skill level 2 in Axes
   975 | D:3      | Reached XP level 5. HP: 26/42 MP: 1/8
   994 | D:3      | Reached skill level 7 in Earth Magic
  1164 | D:3      | Learned a level 2 spell: Passwall
  1168 | D:3      | Learned a level 3 spell: Stone Arrow
  1233 | D:3      | HP: 10/42 [something/magic dart (6)]
  1243 | D:3      | Killed Sigmund
  1243 | D:3      | Reached skill level 3 in Axes
  1243 | D:3      | Reached skill level 8 in Earth Magic
  1243 | D:3      | Reached XP level 6. HP: 19/49 MP: 0/8
  1304 | D:3      | Killed Grinder
  1304 | D:3      | Reached skill level 4 in Axes
  1304 | D:3      | Reached skill level 9 in Earth Magic
  1304 | D:3      | Reached XP level 7. HP: 22/55 MP: 4/9
  1485 | D:4      | Reached skill level 1 in Conjurations
  1555 | D:4      | Reached skill level 2 in Conjurations
  1819 | D:4      | Reached skill level 3 in Conjurations
  1840 | D:4      | Found Emynnuli's Assorted Antiques.
  1843 | D:4      | Bought a viscous purple potion for 26 gold pieces
  1843 | D:4      | Bought a dark potion for 26 gold pieces
  1843 | D:4      | Bought a dark potion for 26 gold pieces
  1843 | D:4      | Bought a fuming coppery potion for 26 gold pieces
  1893 | D:4      | You fall through a shaft!
  1893 | D:5      | Entered Level 5 of the Dungeon
  1919 | D:5      | Reached skill level 4 in Conjurations
  1928 | D:5      | Found a runed gate.
  1928 | D:5      | Found a runed gate.
  1928 | D:5      | Found a runed gate.
  1930 | D:5      | HP: 11/55 [scorpion (3)]
  1954 | D:5      | Reached XP level 8. HP: 38/62 MP: 4/10
  2029 | D:5      | Reached skill level 5 in Conjurations
  2139 | D:5      | Found a deep blue altar of Sif Muna.
  2435 | D:5      | Noticed harcile's ghost (novice HOFi)
  2473 | D:5      | HP: 15/62 [harcile's ghost (7)]
  2474 | D:5      | HP: 2/62 [harcile's ghost (13)]
  2482 | D:5      | HP: 22/93 [harcile's ghost (3)]
  2484 | D:5      | Killed harcile's ghost
  2484 | D:5      | Reached skill level 11 in Earth Magic
  2523 | D:5      | Reached skill level 6 in Conjurations
  2545 | D:6      | Noticed Prince Ribbit
  2549 | D:6      | Killed Prince Ribbit
  2549 | D:6      | Gained mutation: You passively map the area around you.
                  | [Deep Dwarf growth]
  2549 | D:6      | Reached XP level 9. HP: 16/68 MP: 1/11
  2691 | D:6      | Reached skill level 3 in Spellcasting
  2763 | D:6      | Noticed Dowan
  2763 | D:6      | Noticed Duvessa
  2773 | D:6      | Killed Duvessa
  2773 | D:6      | HP: 11/68 [orc priest/divine providence (8)]
  2773 | D:6      | Slain by an orc warrior

Skill      XL: |  1  2  3  4  5  6  7  8  9 |
---------------+----------------------------+-----
Spellcasting   | 2 3 |  3.5
Earth Magic    | 5 6 8 9 11 | 11.6
Axes           | 1 2 3 4 |  4.1
Conjurations   | 4 6 |  6.2
Dodging        | |  2.1
Stealth        | |  2.4
Transmutations | |  0.8

Action                   |  1- 3 |  4- 6 |  7- 9 || total
-------------------------+-------+-------+-------++-------
Melee: Unarmed           |    18 |       |       ||    18
       Hand axe          |    27 |    43 |    11 ||    81
       Club              |     2 |       |       ||     2
 Cast: Sandblast         |    39 |    42 |    63 ||   144
       Stone Arrow       |       |     3 |    52 ||    55
 Abil: Heal Wounds       |       |     3 |     2 ||     5
  Use: Scroll            |       |     1 |     8 ||     9
       Potion            |       |       |     3 ||     3
 Stab: Sleeping          |     2 |     1 |     1 ||     4
  Eat: Chunk             |       |     3 |    11 ||    14
Armor: Robe              |    13 |       |       ||    13
       Leather armour    |    10 |    35 |    16 ||    61
       Skin              |       |       |     6 ||     6
Dodge: Dodged            |    47 |    56 |    29 ||   132

Vault maps used:
D:1:      minmay_arrival_open_corners
D:2:      kiku_gazebo_garden_becter, nicolae_dithmenos_shadow_blocks
D:3:      first_ration, uniq_sigmund, uniq_grinder
D:4:      black_bear_nest_2, serial_shops, nicolae_shop_behind_doors
D:5:      lemuel_blue_sif_altar, gammafunk_ghost_icy
D:6:      lemuel_crystal_altar, old_standard_altar, minmay_temple_entry_mist,
          uniq_prince_ribbit1, uniq_duvessa

Table legend:
 A = Turns spent in this place as a percentage of turns spent in the entire game.
 B = Non-inter-level travel turns spent in this place as a percentage of non-inter-level travel turns spent in the entire game.
 C = Inter-level travel turns spent in this place as a percentage of turns spent in this place.
 D = Turns resting spent in this place as a percentage of non-inter-level travel turns spent in this place.
 E = Turns spent auto-exploring this place as a percentage of non-inter-level travel turns spent in this place.
 F = Non-inter-level travel turns spent in this place divided by the number of levels of this place that you've seen.
                   A       B       C       D       E      F
               +-------+-------+-------+-------+-------+----------------------
         Total | 100.0 | 100.0 |   2.0 |   0.7 |   3.0 | 453.0
       Dungeon | 100.0 | 100.0 |   2.0 |   0.7 |   3.0 | 453.0
               +-------+-------+-------+-------+-------+----------------------

Table legend:
 A = Kills in this place as a percentage of kills in entire the game.
 B = Kills by you in this place as a percentage of kills by you in the entire game.
 C = Kills by friends in this place as a percentage of kills by friends in the entire game.
 D = Other kills in this place as a percentage of other kills in the entire game.
 E = Experience gained in this place as a percentage of experience gained in the entire game.
 F = Experience gained in this place divided by the number of levels of this place that you have seen.
                   A       B       C       D       E      F
               +-------+-------+-------+-------+-------+----------------------
         Total | 100.0 | 100.0 |   N/A |   N/A | 100.0 | 555.8
       Dungeon | 100.0 | 100.0 |   N/A |   N/A | 100.0 | 555.8
               +-------+-------+-------+-------+-------+----------------------
